 Dungeon Sprint DCSS version 0.29-a0-321-gf1c400731a (webtiles) character file.

Game seed: 17093657721691298194

235830 mhtbhm the Axe Maniac (level 17, -3/191 HPs)
             Began as a Minotaur Berserker on Apr 3, 2022.
             Was an Elder of Trog.
             Slain by Antaeus (43 damage)
             ... in the Dungeon (Sprint III: "The Ten Rune Challenge").
             The game lasted 00:38:09 (15214 turns).

mhtbhm the Axe Maniac (Minotaur Berserker)         Turns: 15214, Time: 00:38:10

Health: -3/191     AC: 36    Str: 36    XL:     17   Next: 99%
Magic:  14/14      EV: 23    Int:  4    God:    Trog [****..]
Gold:   1110       SH: 31    Dex: 15    Spells: 16/16 levels left

rFire   . . .      SeeInvis .   a - +5 broad axe of Symmetry {flame, Fragile rElec rPois Str+7}
rCold   + + +      Faith    +   c - +2 tower shield {reflect}
rNeg    . . .      Spirit   .   S - +7 chain mail of Immorality {rElec rC+++ Will- Str-5}
rPois   +          Reflect  +   (helmet restricted)
rElec   +          Harm     .   J - +4 dragonskin cloak
rCorr   .          Rampage  .   T - +0 pair of fencer's gloves {Riposte Dex+3}
Will    .....      NoTele   +   D - +1 pair of boots
Stlth   +.........              z - amulet of faith
HPRegen 0.41/turn               R - ring of flight
MPRegen 0.14/turn               I - +6 ring of strength

@: frozen, on berserk cooldown, flying, slowed, very slow
A: horns 2, retaliatory headbutt, large bone plates 1, low MP 1, MP-powered
wands
}: 3/10 runes: decaying, serpentine, silver
a: Renounce Religion, Berserk, Trog's Hand, Brothers in Arms


You were in the Dungeon.
You worshipped Trog.
Trog was greatly pleased with you.
You visited 1 branch You collected 3850 gold pieces.
You spent 2740 gold pieces at shops.

Inventory:

Hand Weapons
 a - the +5 broad axe of Symmetry (weapon) {flame, Fragile rElec rPois Str+7}
   (Trog gifted it to you in the Dungeon)

   It burns those it strikes, dealing additional fire damage.
   Big, fiery blades are also staple armaments of hydra-hunters.
   Str:       It affects your strength (+7).
   rElec:     It insulates you from electricity.
   rPois:     It protects you from poison.
   Fragile:   It will be destroyed if unequipped.
 t - a +1 war axe of holy wrath
 A - the +14 obsidian axe {vorpal, Mesm Drain Fly SInv}
   (You found it in the Dungeon)

   It inflicts extra damage upon your enemies.
   It occasionally summons demons to assist the wielder when it strikes in
   combat.
   Its wielder is mesmerised by any visible foes.
   It cannot be unequipped while any foes are visible.
   SInv:      It lets you see invisible.
   Fly:       It grants you flight.
   Drain:     It drains your maximum health when unequipped.
 B - the +10 war axe "Newtbane" {flame, *Noise Will+++ Str+4}
   (Trog gifted it to you in the Dungeon)

   It burns those it strikes, dealing additional fire damage.
   Big, fiery blades are also staple armaments of hydra-hunters.
   Str:       It affects your strength (+4).
   *Noise:    It may make noises in combat.
   Will:      It greatly increases your willpower.
Missiles
 q - 12 silver javelins
 s - 2 curare-tipped darts (quivered)
Armour
 b - a +2 plate armour of fire resistance
 c - a +2 tower shield of reflection (worn)
 m - a +2 tower shield of positive energy
 D - a +1 pair of boots (worn)
 J - the +4 dragonskin cloak (worn)
   (You took it off Tiamat in the Dungeon)

   It grants the wearer a chance to resist fire, cold, poison, electricity,
   acid, and negative energy.
 S - the +7 chain mail of Immorality (worn) {rElec rC+++ Will- Str-5}
   (You found it in the Dungeon)

   Str:       It affects your strength (-5).
   rC:        It renders you almost immune to cold.
   rElec:     It insulates you from electricity.
   Will:      It decreases your willpower.
 T - the +0 pair of fencer's gloves (worn) {Riposte Dex+3}
   (You found it in the Dungeon)

   It allows the wearer to riposte with melee weapons, swiftly retaliating
   against missed attacks.
   Dex:       It affects your dexterity (+3).
Jewellery
 y - a ring of the Octopus King {rN+ AC+1 EV+1 Str+1 Int+1 Dex+1}
   (You bought it in a shop in the Dungeon)

   [ring of positive energy]

   AC:        It affects your AC (+1).
   EV:        It affects your evasion (+1).
   Str:       It affects your strength (+1).
   Int:       It affects your intelligence (+1).
   Dex:       It affects your dexterity (+1).
   rN:        It protects you from negative energy.
 z - an amulet of faith (around neck)
 F - a ring of willpower
 I - a +6 ring of strength (right hand)
 L - an amulet of reflection
 N - a ring of protection from fire
 R - a ring of flight (left hand)
 U - the ring of Seyxt {Ice +Blink rCorr Str-5 Stlth+}
   (You found it in the Dungeon)

   [ring of ice]

   It enhances your ice magic.
   Str:       It affects your strength (-5).
   rF:        It makes you vulnerable to fire.
   rC:        It protects you from cold.
   +Blink:    It lets you blink.
   rCorr:     It protects you from acid and corrosion.
   Stlth:     It makes you more stealthy.
Wands
 o - a wand of mindburst (24)
 r - a wand of digging (2)
 H - a wand of acid (5)
 O - a wand of iceblast (3)
Scrolls
 h - 2 scrolls of blinking
 k - 3 scrolls of fog
 l - 4 scrolls of fear
 G - a scroll of silence
 M - 4 scrolls of enchant armour
Potions
 d - 11 potions of curing
 e - 9 potions of haste
 f - 4 potions of magic
 g - 2 potions of berserk rage
 i - 4 potions of resistance
 j - 2 potions of mutation
 v - a potion of lignification
 w - 2 potions of heal wounds
 x - 3 potions of might
 C - 4 potions of attraction
 E - a potion of invisibility
 P - a potion of brilliance
 Q - 3 potions of flight
Miscellaneous
 n - a condenser vane
 p - a box of beasts
 u - the horn of Geryon
 K - a phantom mirror


   Skills:
 O Level 27 Fighting
 - Level 0.4(0.7) Short Blades
 - Level 0.8(1.0) Long Blades
 O Level 27 Axes
 - Level 0.5(18.0) Maces & Flails
 - Level 0.5(18.0) Polearms
 - Level 0.5(1.0) Staves
 + Level 0.7(16.3) Slings
 + Level 0.4 Bows
 + Level 0.7 Crossbows
 + Level 22.8 Throwing
 O Level 27 Armour
 O Level 27 Dodging
 - Level 7.9 Stealth
 O Level 27 Shields
 + Level 0.4 Unarmed Combat
 + Level 0.6 Invocations
 + Level 12.9 Evocations


You had 16 spell levels left.
You didn't know any spells.
Your spell library was empty.

Dungeon Overview and Level Annotations

Branches:
Dungeon (1/1)

Altars:
Cheibriados
Dithmenos
Elyvilon
Fedhas
Gozag
Hepliaklqana
Kikubaaqudgha
Makhleb
Nemelex Xobeh
Okawaru
Qazlal
Ru
Sif Muna
Trog
Uskayaw
Vehumet
Wu Jian
Xom
Yredelemnul
Zin
The Shining One
Beogh
Jiyva
Lugonu

Shops:
D =![(:(![!![![:[[*!?(*=!

Annotations:
D Antaeus


Innate Abilities, Weirdness & Mutations

You have a pair of horns on your head.
You reflexively headbutt those who attack you in melee.
You are partially covered in large bone plates. (SH +4)
Your magical capacity is low. (-10% MP)
You expend magic power (3 MP) to strengthen your wands.


Message History

Antaeus is almost dead.
You hit Antaeus but do no damage. Antaeus blocks your attack.
Antaeus is almost dead.
Your extra speed is starting to run out.
Unknown command.
Press: ? - help, v - describe, . - travel, g - get item
Here: Antaeus, wearing a +0 tower shield of reflection (almost dead, very poisoned, slow) Item here: 2 curare-tipped darts.
An open door, spattered with blood.
Unknown command.
You hit Antaeus but do no damage. You headbutt Antaeus.
Antaeus is almost dead.
You block Antaeus's attack. Antaeus misses you. Antaeus blocks your attack.
Antaeus is almost dead.
You hit Antaeus. You burn Antaeus.
Antaeus is almost dead.
Antaeus misses you. You furiously retaliate!
You headbutt Antaeus, but do no damage. You block Antaeus's attack.
Antaeus blocks your attack.
Antaeus is almost dead.
Antaeus blocks your attack.
Antaeus is almost dead.
You slash Antaeus! You burn Antaeus. Antaeus blocks your attack.
Antaeus is almost dead.
You feel yourself slow down.
Antaeus is no longer moving slowly.
Antaeus gestures at you. The flash freeze hits you!!! You partially resist.
* * * LOW HITPOINT WARNING * * *
You are encased in ice.
Unknown command.
Antaeus blocks your attack. x2
Antaeus is almost dead.
You block Antaeus's attack. x2
Unknown command.
You feel much better.
You feel a little less mighty now. Antaeus hits you!!!
You die...

▓..............)))(.....
▓..............))(......
▓...............).......
▓#######'#############+#
###≈≈≈≈≈≈≈≈≈#*,,,*,,,,
#|'≈#'#≈≈####*,,,+,,,,
####≈#.#≈≈'[# *,,,*,,,,
#≈≈≈≈###≈≈####**+******
#≈≈≈≈≈@≈≈≈≈≈≈# *,,,,,,,
#≈≈≈≈#C#≈≈≈≈≈#**+******
####≈#(#≈≈####*,,,*,,,,
#.'≈###≈≈)[# *,,,+,,,,
###≈≈≈≈≈≈### *,,,*,,,,
######## *********


You could see Antaeus (poisoned).

Vanquished Creatures
  Tiamat (D)
  Mennas (D)
  Mara (D)
  An ancient lich (D)
  A Killer Klown (D)
  Boris (D)
  Frederick (D)
  Geryon (D)
  Nikola (D)
  A golden dragon (D)
  An electric golem (D)
  A Hell Sentinel (D)
  A lich (D)
  An iron giant (D)
  Rupert (D)
  5 Ice Fiends (D)
  2 Orb Guardians (D)
  4 deep elf blademasters (D)
  An ancient champion (D)
  Gastronok (D)
  An Executioner (D)
  Frances (D)
  3 shadow dragons (D)
  Donald (D)
  Chuck (D)
  Roxanne (D)
  4 azure jellies (D)
  2 draconian knights (D)
  2 frost giants (D)
  A nagaraja (D)
  A storm dragon (D)
  3 fire giants (D)
  An iron dragon (D)
  2 draconian scorchers (D)
  4 war gargoyles (D)
  4 draconian stormcallers (D)
  5 stone giants (D)
  2 vampire knights (D)
  2 deep elf demonologists (D)
  2 deep elf annihilators (D)
  Nessos (D)
  2 dire elephants (D)
  A yellow draconian (D)
  Azrael (D)
  Snorg (D)
  A mummy priest (D)
  A fire dragon (D)
  2 iron golems (D)
  2 deep elf high priests (D)
  3 yaktaur captains (D)
  2 ice dragons (D)
  2 hell beasts (D)
  16 vault guards (D)
  A naga warrior (D)
  An ogre mage (D)
  3 centaur warriors (D)
  3 hydras (D)
  2 iron elementals (D)
  2 anacondas (D)
  4 dancing weapons (D)
  4 death yaks (D)
  Urug (D)
  A titan zombie (D)
  3 orc high priests (D)
  4 hell knights (D)
  4 deep elf knights (D)
  2 sun demons (D)
  2 soul eaters (D)
  5 skeletal warriors (D)
  A shadow wraith (D)
  A death drake (D)
  2 golden dragon zombies (D)
  2 obsidian statues (D)
  A spriggan druid (D)
  A spectral iron dragon (D)
  A glowing orange brain (D)
  3 kraken simulacra (D)
  2 orc knights (D)
  A deep elf pyromancer (D)
  A lindwurm (D)
  3 deep elf zephyrmancers (D)
  A cyclops (shapeshifter) (D)
  2 oklob plants (D)
  A shining eye (D)
  A mana viper (shapeshifter) (D)
  4 crystal guardians (D)
  5 ugly things (D)
  2 orc sorcerers (D)
  A moth of wrath (D)
  2 elephants (D)
  5 black mambas (D)
  A guardian serpent (D)
  8 statues (D)
  3 rust devils (D)
  A molten gargoyle (D)
  2 cane toads (D)
  A rime drake (D)
  13 yaktaurs (D)
  A komodo dragon (D)
  2 unseen horrors (D)
  2 ice devils (D)
  An anaconda simulacrum (D)
  A queen bee (D)
  4 spriggan defenders (D)
  2 tyrant leeches (D)
  3 hornets (D)
  A slime creature (shapeshifter) (D)
  10 slime creatures (D)
  8 blink frogs (D)
  2 spriggans (D)
  A shadow (D)
  3 redbacks (D)
  A golden eye (D)
  A redback (shapeshifter) (D)
  2 iron troll simulacra (D)
  2 nagas (D)
  A spatial vortex (D)
  2 hydra simulacra (D)
  A floating eye (D)
  5 water moccasins (D)
  3 wandering mushrooms (D)
  A swamp drake (D)
  An orc warrior (D)
  2 fire dragon simulacra (D)
  A black mamba simulacrum (D)
  2 centaurs (D)
  An earth elemental (D)
  A necrophage (D)
  A water elemental (D)
  A scorpion (D)
  32 killer bees (D)
  4 electric eels (D)
  5 orc priests (D)
  A jelly (D)
  A wizard (D)
  2 necromancers (D)
  2 orc wizards (D)
  A polar bear simulacrum (D)
  3 humans (D)
  A kobold demonologist (D)
  6 adders (D)
  2 swamp drake simulacra (D)
  7 orcs (D)
  An endoplasm (D)
  3 rats (D)
  3 butterflies (D)
  A plant (D)
  A tentacle (D)
366 creatures vanquished.

Vanquished Creatures (collateral kills)
  An orc (D)
1 creature vanquished.

Vanquished Creatures (others)
  A lich (D)
  A yaktaur (D)
  An electric eel (D)
  6 ball lightnings (D)
  2 ballistomycete spores (D)
  A bush (D)
  37 plants (D)
  11 tentacles (D)
60 creatures vanquished.

Grand Total: 427 creatures vanquished

Notes
Turn   | Place    | Note
-------+----------+-------------------------------------------
     0 | D        | mhtbhm the Minotaur Berserker began the quest for the Orb.
     0 | D        | Reached XP level 1. HP: 19/19 MP: 0/0
    17 | D        | Reached ** piety under Trog
    72 | D        | Noticed a scorpion
    79 | D        | Reached skill level 5 in Fighting
    79 | D        | Reached skill level 5 in Axes
    79 | D        | Reached XP level 2. HP: 24/29 MP: 1/1
    79 | D        | Killed a scorpion
    80 | D        | Reached XP level 3. HP: 33/39 MP: 2/2
    80 | D        | Reached XP level 4. HP: 40/47 MP: 3/3
    98 | D        | Gained mutation: You have sharp toenails. [potion of
                  | mutation]
    98 | D        | Gained mutation: Your mind is acute. (Int +2) [potion of
                  | mutation]
   208 | D        | Lost mutation: Your mind is acute. (Int +2) [potion of
                  | mutation]
   208 | D        | Lost mutation: You have sharp toenails. [potion of
                  | mutation]
   208 | D        | Gained mutation: You are partially covered in iridescent
                  | scales. (AC +2) [potion of mutation]
   208 | D        | Gained mutation: Your magical capacity is low. (-10% MP)
                  | [potion of mutation]
   208 | D        | Gained mutation: You have a pair of large horns on your
                  | head. [potion of mutation]
   220 | D        | Noticed a water elemental
   222 | D        | Killed a water elemental
   223 | D        | Reached XP level 5. HP: 53/53 MP: 3/3
   258 | D        | Found a basalt altar of Yredelemnul.
   258 | D        | Found a shadowy altar of Dithmenos.
   258 | D        | Found a sacrificial altar of Ru.
   261 | D        | Reached *** piety under Trog
   262 | D        | Reached skill level 5 in Armour
   262 | D        | Reached skill level 5 in Dodging
   276 | D        | Found a glowing silver altar of Zin.
   276 | D        | Found a glowing golden altar of the Shining One.
   276 | D        | Found a white marble altar of Elyvilon.
   277 | D        | Noticed a deep elf pyromancer
   283 | D        | Killed a deep elf pyromancer
   283 | D        | Reached **** piety under Trog
   284 | D        | Reached skill level 1 in Stealth
   284 | D        | Reached XP level 6. HP: 69/69 MP: 4/4
   284 | D        | Reached XP level 7. HP: 75/75 MP: 5/5
   325 | D        | Found a hide-covered altar of Uskayaw.
   325 | D        | Found an iron altar of Okawaru.
   325 | D        | Found a bloodstained altar of Trog.
   325 | D        | Found an ornate altar of the Wu Jian Council.
   325 | D        | Noticed a human
   331 | D        | Killed a human
   429 | D        | Noticed a human
   436 | D        | Killed a human
   449 | D        | Found a radiant altar of Vehumet.
   449 | D        | Found a shimmering blue altar of Sif Muna.
   449 | D        | Found an ancient bone altar of Kikubaaqudgha.
   474 | D        | Noticed a shadow
   483 | D        | Killed a shadow
   483 | D        | Reached ***** piety under Trog
   484 | D        | Reached XP level 8. HP: 85/85 MP: 6/6
   617 | D        | Found a blossoming altar of Fedhas.
   617 | D        | Found a stormy altar of Qazlal.
   617 | D        | Found a snail-covered altar of Cheibriados.
   617 | D        | Found a burning altar of Makhleb.
   617 | D        | Found a shimmering altar of Xom.
   618 | D        | Found a hazy altar of Hepliaklqana.
   618 | D        | Found an opulent altar of Gozag.
   618 | D        | Found a sparkling altar of Nemelex Xobeh.
   618 | D        | Found a corrupted altar of Lugonu.
   618 | D        | Found a viscous altar of Jiyva.
   651 | D        | Noticed Snorg
   678 | D        | Killed Snorg
   679 | D        | Reached skill level 15 in Axes
   679 | D        | Reached skill level 1 in Evocations
   764 | D        | Received a gift from Trog
   765 | D        | Reached XP level 9. HP: 39/95 MP: 7/7
  1036 | D        | Noticed a centaur warrior
  1044 | D        | Killed a centaur warrior
  1045 | D        | Reached skill level 15 in Fighting
  1267 | D        | Killed an unseen horror
  1268 | D        | Reached skill level 10 in Dodging
  1274 | D        | Killed an unseen horror
  1462 | D        | Noticed a wandering mushroom
  1466 | D        | Noticed a wandering mushroom
  1468 | D        | Noticed a wandering mushroom
  1581 | D        | Received a gift from Trog
  1748 | D        | Noticed a cane toad
  1748 | D        | Noticed a komodo dragon
  1748 | D        | Noticed a cane toad
  1751 | D        | Killed a cane toad
  1752 | D        | Reached skill level 5 in Stealth
  1752 | D        | Reached XP level 10. HP: 100/107 MP: 3/8
  1753 | D        | Killed a cane toad
  2318 | D        | Noticed a lindwurm
  2325 | D        | Killed a lindwurm
  2327 | D        | Received a gift from Trog
  2497 | D        | Noticed Urug
  2499 | D        | Killed Urug
  2614 | D        | Found Cesoo's Antique Weapon Shoppe.
  2615 | D        | Noticed an orc high priest
  2616 | D        | Noticed an orc sorcerer
  2617 | D        | Noticed an orc high priest
  2617 | D        | Noticed an orc sorcerer
  2617 | D        | Noticed an orc knight
  2620 | D        | Noticed an orange demon
  2621 | D        | Killed an orc sorcerer
  2621 | D        | Reached ****** piety under Trog
  2621 | D        | Noticed a sun demon
  2624 | D        | Noticed a sixfirhy
  2624 | D        | Killed an orc high priest
  2626 | D        | Identified the +8 bardiche "Rilaly" {vorpal, Dex+3} (Trog
                  | gifted it to you in the Dungeon)
  2626 | D        | Received a gift from Trog
  2632 | D        | Reached XP level 11. HP: 75/118 MP: 2/8
  2632 | D        | Received a gift from Trog
  2633 | D        | Killed an orc high priest
  2634 | D        | Killed an orc sorcerer
  2636 | D        | Killed an orc knight
  2956 | D        | Noticed a deep elf zephyrmancer
  2956 | D        | Noticed a deep elf knight
  2956 | D        | Noticed a deep elf knight
  2956 | D        | Noticed a deep elf zephyrmancer
  2956 | D        | Noticed a deep elf zephyrmancer
  2962 | D        | Killed a deep elf zephyrmancer
  2962 | D        | Received a gift from Trog
  2965 | D        | Killed a deep elf zephyrmancer
  2967 | D        | Killed a deep elf knight
  2969 | D        | Killed a deep elf zephyrmancer
  2969 | D        | Received a gift from Trog
  2975 | D        | Killed a deep elf knight
  3277 | D        | Noticed a deep elf annihilator
  3278 | D        | Identified the +9 broad axe "Sowuaz" {antimagic, rN+}
  3278 | D        | Noticed a deep elf high priest
  3325 | D        | Noticed Donald
  3325 | D        | Noticed Frances
  3331 | D        | Noticed a soul eater
  3333 | D        | Killed Frances
  3335 | D        | Killed Donald
  3464 | D        | Reached skill level 1 in Shields
  3465 | D        | Received a gift from Trog
  3466 | D        | Reached skill level 10 in Armour
  3505 | D        | Noticed Rupert
  3515 | D        | Killed Rupert
  3516 | D        | Reached XP level 12. HP: 132/132 MP: 9/9
  3649 | D        | Noticed a death yak
  3649 | D        | Noticed a death yak
  3652 | D        | Noticed a death yak
  3653 | D        | Noticed a death yak
  3656 | D        | Killed a death yak
  3660 | D        | Killed a death yak
  3661 | D        | Reached skill level 5 in Shields
  3666 | D        | Killed a death yak
  3666 | D        | Identified the +10 battleaxe of Breach {vorpal, Dex+5}
                  | (Trog gifted it to you in the Dungeon)
  3666 | D        | Received a gift from Trog
  3670 | D        | Killed a death yak
  3785 | D        | Noticed an azure jelly
  3785 | D        | Noticed an azure jelly
  3813 | D        | Received a gift from Trog
  3832 | D        | Found Pumibaty's Jewellery Shoppe.
  3832 | D        | Found Wuyrarhaex's Distillery.
  3832 | D        | Noticed an ice dragon
  3855 | D        | Killed an ice dragon
  4113 | D        | Found Dutzeyt's Antique Armour Emporium.
  4127 | D        | Bought a shiny chain mail for 202 gold pieces
  4219 | D        | Noticed a seven-headed hydra
  4219 | D        | Noticed an ice dragon
  4224 | D        | Killed a four-headed hydra
  4225 | D        | Reached skill level 1 in Throwing
  4229 | D        | Killed an ice dragon
  4256 | D        | Got a decaying rune of Zot
  4411 | D        | Noticed a dire elephant
  4412 | D        | Noticed a dire elephant
  4412 | D        | Noticed Gastronok
  4421 | D        | Killed a dire elephant
  4421 | D        | Received a gift from Trog
  4432 | D        | Killed a dire elephant
  4447 | D        | Killed Gastronok
  4787 | D        | Noticed an azure jelly
  4788 | D        | Noticed an azure jelly
  4794 | D        | Killed an azure jelly
  4797 | D        | Killed an azure jelly
  4798 | D        | Reached skill level 10 in Shields
  4801 | D        | Killed an azure jelly
  4801 | D        | Received a gift from Trog
  4802 | D        | Reached XP level 13. HP: 145/145 MP: 10/10
  4806 | D        | Killed an azure jelly
  5054 | D        | Received a gift from Trog
  5127 | D        | Found Buex's Magic Scroll Shop.
  5127 | D        | Found Royhun's Antique Armour Boutique.
  5127 | D        | Found Zetunk's Distillery.
  5127 | D        | Found Ocoul's General Store.
  5127 | D        | Found Tuivapn's Distillery.
  5127 | D        | Found Bekhamp's Armour Shoppe.
  5127 | D        | Found Agauseuj's Jewellery Shop.
  5127 | D        | Found Depniadits's Book Shop.
  5127 | D        | Found Laohygusa's Assorted Antiques.
  5127 | D        | Found Russeicw's Antique Armour Emporium.
  5127 | D        | Found Wesesebi's Antique Weapon Boutique.
  5173 | D        | Bought a ring of the Octopus King {rN+ AC+1 EV+1 Str+1
                  | Int+1 Dex+1} for 458 gold pieces
  5173 | D        | Found the ring of the Octopus King {rN+ AC+1 EV+1 Str+1
                  | Int+1 Dex+1}
  5179 | D        | Bought 2 potions of curing for 84 gold pieces
  5179 | D        | Bought a potion of curing for 42 gold pieces
  5181 | D        | Bought a potion of heal wounds for 60 gold pieces
  5181 | D        | Bought a potion of heal wounds for 60 gold pieces
  5181 | D        | Bought a potion of heal wounds for 60 gold pieces
  5275 | D        | Noticed a fire dragon
  5284 | D        | Killed a fire dragon
  5307 | D        | Identified the +5 broad axe of Symmetry {flame, Fragile
                  | rElec rPois Str+7} (Trog gifted it to you in the Dungeon)
  5307 | D        | Received a gift from Trog
  5377 | D        | Found the +14 obsidian axe {vorpal, Mesm Drain Fly SInv}
  5396 | D        | Identified the +5 battleaxe of Pandemonium {flame, rElec
                  | rPois rCorr Dex-3}
  5740 | D        | Identified the +10 war axe "Newtbane" {flame, *Noise
                  | Will+++ Str+4} (Trog gifted it to you in the Dungeon)
  5740 | D        | Received a gift from Trog
  5764 | D        | Reached skill level 15 in Armour
  5853 | D        | Noticed an iron golem
  5873 | D        | Killed an iron golem
  5873 | D        | Received a gift from Trog
  6267 | D        | Identified the +5 battleaxe of Day {vorpal, rF- Str+7}
                  | (Trog gifted it to you in the Dungeon)
  6267 | D        | Received a gift from Trog
  6273 | D        | Reached skill level 15 in Shields
  6447 | D        | Noticed a lich
  6451 | D        | Killed a lich
  6457 | D        | Identified the +0 scale mail "Rebur" {Str+4 Int-5}
  6542 | D        | Received a gift from Trog
  6544 | D        | Noticed Chuck
  6553 | D        | Killed Chuck
  6566 | D        | Identified the +4 great sword of Rubbish {chaos, rElec
                  | Dex+4}
  6646 | D        | Noticed Frederick
  6657 | D        | Killed Frederick
  6832 | D        | Noticed a lich
  6838 | D        | Killed a lich
  7075 | D        | Noticed a shadow dragon
  7075 | D        | Noticed a shadow dragon
  7080 | D        | Received a gift from Trog
  7081 | D        | Reached XP level 14. HP: 159/159 MP: 11/11
  7086 | D        | Killed a shadow dragon
  7091 | D        | Killed a shadow dragon
  7158 | D        | Received a gift from Trog
  7423 | D        | Paralysed by an air elemental for 1 turns
  7443 | D        | Received a gift from Trog
  7443 | D        | Paralysed by an air elemental for 1 turns
  7680 | D        | Received a gift from Trog
  7695 | D        | Received a gift from Trog
  7715 | D        | Received a gift from Trog
  7793 | D        | Received a gift from Trog
  7925 | D        | Found a blossoming altar of Fedhas.
  7936 | D        | Received a gift from Trog
  8087 | D        | Received a gift from Trog
  8362 | D        | Received a gift from Trog
  8391 | D        | Received a gift from Trog
  8400 | D        | Noticed a nagaraja
  8404 | D        | Found Zuonerif's Book Shop.
  8404 | D        | Found Toazxap's Antique Weapon Shoppe.
  8413 | D        | Killed a nagaraja
  8413 | D        | Received a gift from Trog
  8414 | D        | Reached skill level 27 in Axes
  8417 | D        | Found Tyhiomi's Distillery.
  8463 | D        | Got a serpentine rune of Zot
  8497 | D        | Bought a potion of flight for 42 gold pieces
  8625 | D        | Bought a potion of flight for 42 gold pieces
  8855 | D        | Noticed Azrael
  8859 | D        | Killed Azrael
  8859 | D        | Identified the +10 quarterstaff of Faytal Wyoj {flame,
                  | rC++} (Trog gifted it to you in the Dungeon)
  8859 | D        | Received a gift from Trog
  8899 | D        | Acquired 661 gold pieces
  8940 | D        | Bought a scroll of magic mapping for 49 gold pieces
  8946 | D        | Bought a scroll of identify for 50 gold pieces
  8946 | D        | Bought a scroll labelled RADWIGOJOH for 25 gold pieces
  8963 | D        | Bought a scroll of fog for 26 gold pieces
  8963 | D        | Bought a scroll of fog for 26 gold pieces
  8987 | D        | Noticed Boris
  8993 | D        | Killed Boris
  9000 | D        | Received a gift from Trog
  9095 | D        | Received a gift from Trog
  9107 | D        | Found Tasoill's Distillery.
  9107 | D        | Found Monex's Armour Shop.
  9107 | D        | Found Tuunurchi's Distillery.
  9107 | D        | Found Beipa's Distillery.
  9120 | D        | Bought a potion of experience for 650 gold pieces
  9121 | D        | Bought a potion of heal wounds for 60 gold pieces
  9121 | D        | Reached XP level 15. HP: 150/171 MP: 11/12
  9130 | D        | Noticed Roxanne
  9145 | D        | Killed Roxanne
  9459 | D        | Found Qabbothru's Armour Boutique.
  9553 | D        | Received a gift from Trog
  9563 | D        | Received a gift from Trog
  9569 | D        | Reached XP level 16. HP: 182/182 MP: 13/13
  9637 | D        | Received a gift from Trog
  9990 | D        | Noticed an Executioner
  9992 | D        | Killed an Executioner
  9992 | D        | Received a gift from Trog
 10008 | D        | Noticed Nessos
 10013 | D        | Killed Nessos
 10014 | D        | Reached skill level 27 in Fighting
 10254 | D        | Received a gift from Trog
 10269 | D        | Noticed Nikola
 10269 | D        | Noticed a storm dragon
 10278 | D        | Killed a storm dragon
 10286 | D        | Killed Nikola
 10287 | D        | Reached skill level 15 in Dodging
 10476 | D        | Received a gift from Trog
 10512 | D        | Received a gift from Trog
 10897 | D        | Noticed a deep elf blademaster
 10899 | D        | Noticed a Hell Sentinel
 10900 | D        | Noticed a Tzitzimitl
 10902 | D        | Reached skill level 27 in Shields
 10904 | D        | Noticed a Hell Sentinel
 10910 | D        | Received a gift from Trog
 10914 | D        | Killed a deep elf blademaster
 10920 | D        | Received a gift from Trog
 11006 | D        | Identified the ring of Badadiz {rElec rF- rC+ SInv}
 11320 | D        | Noticed a shadow dragon
 11320 | D        | Noticed a golden dragon
 11336 | D        | Received a gift from Trog
 11347 | D        | Received a gift from Trog
 11351 | D        | Received a gift from Trog
 11358 | D        | Killed a golden dragon
 11359 | D        | Reached skill level 5 in Throwing
 11362 | D        | Killed a shadow dragon
 11363 | D        | Received a gift from Trog
 11424 | D        | Got a silver rune of Zot
 11427 | D        | Identified the +1 helmet of the Undertaker {Fly rCorr}
 11435 | D        | Identified the amulet "Towituwn" {Acrobat Fragile rN+
                  | Dex+4}
 11437 | D        | Identified the +0 spear of Infinite Pain {flame, Dex+6}
 11451 | D        | Identified the +7 trident of Conservatism {distort, rF+ rN+
                  | rCorr Dex-5}
 11615 | D        | Acquired 503 gold pieces
 11637 | D        | Bought a potion of curing for 42 gold pieces
 11637 | D        | Bought a potion of curing for 42 gold pieces
 11637 | D        | Bought a potion of might for 56 gold pieces
 11637 | D        | Bought a potion of invisibility for 112 gold pieces
 11639 | D        | Bought a potion of haste for 250 gold pieces
 11639 | D        | Bought a potion of might for 100 gold pieces
 11640 | D        | Bought a potion of haste for 120 gold pieces
 11643 | D        | Bought a scroll of identify for 26 gold pieces
 11652 | D        | Bought a potion of might for 56 gold pieces
 11677 | D        | Noticed Mara
 11681 | D        | Noticed mhtbhm's illusion
 11683 | D        | Received a gift from Trog
 11686 | D        | Killed Mara
 11751 | D        | Noticed an ancient champion
 11755 | D        | Killed an ancient champion
 11755 | D        | Received a gift from Trog
 11756 | D        | Reached skill level 27 in Armour
 11821 | D        | Noticed Geryon
 11826 | D        | Reached XP level 17. HP: 191/191 MP: 14/14
 11829 | D        | Received a gift from Trog
 11834 | D        | Identified the +2 hand axe of Cayhi {vorpal, rPois} (Trog
                  | gifted it to you in the Dungeon)
 11834 | D        | Received a gift from Trog
 11843 | D        | Killed Geryon
 12014 | D        | Noticed an iron giant
 12021 | D        | Killed an iron giant
 12021 | D        | Identified the +9 war axe of Honour {vorpal, rC+ Will+
                  | rCorr SInv} (Trog gifted it to you in the Dungeon)
 12021 | D        | Received a gift from Trog
 12095 | D        | Received a gift from Trog
 12407 | D        | Found the +0 pair of fencer's gloves {Riposte Dex+3}
 12414 | D        | Noticed a Hell Sentinel
 12423 | D        | Killed a Hell Sentinel
 12423 | D        | Received a gift from Trog
 12428 | D        | Identified the +7 chain mail of Immorality {rElec rC+++
                  | Will- Str-5}
 12542 | D        | Noticed Mennas
 12566 | D        | Killed Mennas
 12567 | D        | Reached skill level 27 in Dodging
 12612 | D        | Received a gift from Trog
 13185 | D        | Gained mutation: You are frail. (-10% HP) [a shining eye]
 13190 | D        | Received a gift from Trog
 13191 | D        | Reached skill level 15 in Throwing
 13338 | D        | Lost mutation: You are partially covered in iridescent
                  | scales. (AC +2) [potion of mutation]
 13338 | D        | Lost mutation: You have a pair of large horns on your head.
                  | [potion of mutation]
 13338 | D        | Lost mutation: You are frail. (-10% HP) [potion of
                  | mutation]
 13338 | D        | Gained mutation: You expend magic power (3 MP) to
                  | strengthen your wands. [potion of mutation]
 13338 | D        | Gained mutation: You are partially covered in large bone
                  | plates. (SH +4) [potion of mutation]
 13386 | D        | Noticed a deep elf blademaster
 13386 | D        | Noticed a deep elf blademaster
 13386 | D        | Noticed a deep elf blademaster
 13396 | D        | Killed a deep elf blademaster
 13410 | D        | Killed a deep elf blademaster
 13410 | D        | Killed a deep elf blademaster
 13410 | D        | Received a gift from Trog
 13566 | D        | Noticed a Killer Klown
 13588 | D        | Killed a Killer Klown
 13643 | D        | Noticed an Orb Guardian
 13643 | D        | Noticed an Orb Guardian
 13646 | D        | Killed an Orb Guardian
 13653 | D        | Killed an Orb Guardian
 13661 | D        | Received a gift from Trog
 13795 | D        | Noticed an ancient lich
 13804 | D        | Killed an ancient lich
 13862 | D        | Noticed an electric golem
 13874 | D        | Received a gift from Trog
 13877 | D        | Killed an electric golem
 14076 | D        | Found the +4 dragonskin cloak
 14076 | D        | Noticed Tiamat
 14093 | D        | Killed Tiamat
 14093 | D        | Received a gift from Trog
 14301 | D        | Noticed an orb of fire
 14577 | D        | Noticed an Ice Fiend
 14581 | D        | Killed an Ice Fiend
 14582 | D        | Reached skill level 10 in Evocations
 14594 | D        | Noticed an Ice Fiend
 14601 | D        | Killed an Ice Fiend
 14839 | D        | Noticed an Ice Fiend
 14845 | D        | Killed an Ice Fiend
 14845 | D        | Received a gift from Trog
 14857 | D        | Noticed an Ice Fiend
 14860 | D        | Killed an Ice Fiend
 15096 | D        | Noticed an Ice Fiend
 15103 | D        | Killed an Ice Fiend
 15104 | D        | Identified the ring of Seyxt {Ice +Blink rCorr Str-5
                  | Stlth+}
 15152 | D        | Noticed Antaeus
 15214 | D        | Slain by Antaeus

Illustrated notes

Levels and vault maps discovered:
D:        dungeon_sprint_mu [sprint_mu_entry_forest, sprint_mu_temple_rooms,
          sprint_mu_d1_horrors, sprint_mu_d2_genie, sprint_mu_d3_branching,
          sprint_mu_orc_legion, sprint_mu_elf_gauntlet, sprint_mu_hive_nellie,
          sprint_mu_lair_fedhas, sprint_mu_vaults_butterflies,
          sprint_mu_slime_circle, sprint_mu_swamp_cave, sprint_mu_snake_twists,
          sprint_mu_blade_basic, sprint_mu_crypt_fortress,
          sprint_mu_tomb_spiral, sprint_mu_vestibule_basic,
          sprint_mu_gehenna_hellfire, sprint_mu_dis_giant,
          sprint_mu_tartarus_statrot, sprint_mu_cocytus_islands, sprint_mu_zot1]

Skill      XL: |  1  2  3  4  5  6  7  8  9 10 11 12 13 14 15 16 17 |
---------------+----------------------------------------------------+-----
Fighting       | 5 7 8 11 12 14 16 17 19 21 24 26 27 | 27.0
Axes           | 5 7 8 12 13 15 17 19 22 23 25 27 | 27.0
Armour         | 3 4 6 7 8 10 14 15 18 27 | 27.0
Dodging        | 3 4 7 9 10 12 13 14 22 27 | 27.0
Stealth        | 1 3 5 6 7 |  7.9
Evocations     | 1 2 3 4 12 | 12.9
Shields        | 4 10 16 22 23 27 | 27.0
Throwing       | 1 2 6 22 | 22.8
Short Blades   | |  0.4
Long Blades    | |  0.8
Maces & Flails | |  0.5
Polearms       | |  0.5
Staves         | |  0.5
Slings         | |  0.7
Bows           | |  0.4
Crossbows      | |  0.7
Unarmed Combat | |  0.4
Invocations    | |  0.6

Action                   |  1- 3 |  4- 6 |  7- 9 | 10-12 | 13-15 | 16-18 || total
-------------------------+-------+-------+-------+-------+-------+-------++-------
Melee: Hand axe          |    12 |    11 |    57 |       |       |       ||    80
       Headbutt          |     2 |     6 |    17 |    38 |   102 |   135 ||   300
       Punch             |       |       |     1 |     1 |       |       ||     2
       Battleaxe         |       |       |    28 |    31 |       |       ||    59
       War axe           |       |       |     1 |    22 |       |       ||    23
       Broad axe         |       |       |       |   111 |   393 |   451 ||   955
Throw: Dart              |       |       |       |     2 |     3 |     5 ||    10
Invok: Berserk           |     1 |     2 |     4 |    10 |    12 |    12 ||    41
       Brothers in Arms  |       |       |       |     1 |       |     8 ||     9
       Trog's Hand       |       |       |       |       |       |     1 ||     1
Evoke: Wand              |       |       |     4 |       |       |     1 ||     5
       Box of beasts     |       |       |     1 |     2 |       |       ||     3
       Horn of Geryon    |       |       |       |       |       |     1 ||     1
  Use: Potion            |       |     2 |     1 |     3 |     5 |    11 ||    22
       Scroll            |       |       |       |       |     8 |     5 ||    13
 Stab: Sleeping          |       |       |     2 |     2 |       |       ||     4
       Distracted        |       |       |       |       |       |     3 ||     3
Armor: Animal skin       |       |       |     8 |       |       |       ||     8
       Scale mail        |       |       |       |     9 |       |       ||     9
       Chain mail        |       |       |       |    22 |    61 |    28 ||   111
       Plate armour      |       |       |       |       |       |    55 ||    55
Dodge: Dodged            |     5 |     6 |    39 |    58 |   108 |   174 ||   390
Block: Kite shield       |       |       |       |    38 |    41 |       ||    79
       Tower shield      |       |       |       |       |   194 |   325 ||   519
       Reflection        |       |       |       |       |     8 |    28 ||    36
       Rpst.: Broad axe  |       |       |       |       |       |     1 ||     1

Table legend: (Time is in decaauts) A = Elapsed time spent in this place. B = Non-inter-level travel time spent in this place. C = Inter-level travel time spent in this place. D = Time resting spent in this place. E = Time spent auto-exploring this place. F = Levels seen in this place. G = Mean time per level. A B C D E F G +--------+--------+--------+--------+--------+-----+--------+ Total | 15385 | 15166 | 219 | 10053 | 1 | 1 | 15385.0 | Dungeon | 15385 | 15166 | 219 | 10053 | 1 | 1 | 15385.0 | +--------+--------+--------+--------+--------+-----+--------+

Top non-repeatable levels by time:
       D: 15385 daAuts
